Map: Radhuset Station LE

Players

JellyCat - Winner!

  • Race: Terran Terran
  • League: Diamond
  • Spawn Location: 7:00

VOD

Have the link to the VOD?

Description

Time

  • Played on: Feb. 19, 2024, 10:34 a.m.
  • Length: 19:26
Show
View Real Time Build Order
Export as new Build Order

JellyCat Terran - Winner!

Build Orders:  

Get SALT Encoding   

  12  0:00  SCV  
  13  0:17  SCV  
  14  0:25  Supply Depot  
  14  0:34  SCV  
  15  0:55  SCV  
  15  0:59  Barracks  
  16  1:06  Refinery  
  16  1:11  SCV  
  16  1:17  Refinery  
  17  1:28  SCV  
  18  1:45  SCV  
  19  2:04  Orbital Command  
  20  2:11  Reaper  
  20  2:26  Factory  
  20  2:38  Supply Depot  
  20  2:42  SCV  
  21  2:56  Reaper  
  22  3:00  SCV  
  23  3:17  SCV  
  23  3:31  Cyclone  
  23  3:36  Command Center  
  23  3:39  Barracks Reactor  
  25  3:47  SCV  
  26  4:04  SCV  
  26  4:09  Supply Depot, Starport  
  27  4:18  Cyclone  
  29  4:30  Marine  
  29  4:31  Marine  
  29  4:39  SCV  
  32  4:56  SCV  
  33  5:00  Starport Tech Lab  
  33  5:04  Marine x2  
  35  5:15  Raven  
  35  5:18  Orbital Command  
  35  5:20  SCV  
  35  5:21  Factory Tech Lab  
  35  5:29  Marine x2  
  40  5:38  SCV  
  41  5:50  Siege Tank  
  41  5:54  SCV, Marine x2  
  41  5:55  SCV  
  48  6:01  Supply Depot  
  48  6:07  Raven  
  48  6:11  SCV  
  48  6:16  SCV  
  48  6:19  Marine x2  
  54  6:34  Supply Depot  
  54  6:36  SCV x2  
  56  6:46  Refinery  
  56  6:51  Marine x2  
  56  6:53  SCV  
  56  6:54  SCV  
  60  7:03  Command Center  
  60  7:11  SCV  
  60  7:12  SCV  
  62  7:25  Barracks  
  62  7:26  Siege Tank  
  62  7:29  Barracks  
  65  7:31  Marine x2  
  65  7:34  Siege Tank, SCV  
  68  7:47  SCV  
  69  7:51  SCV  
  69  7:53  Supply Depot  
  69  7:57  Supply Depot  
  70  8:00  Unknown  
  70  8:23  Marine x2  
  72  8:37  Barracks, Barracks Reactor  
  72  8:39  Barracks Reactor  
  72  8:42  Stimpack  
  72  8:46  SCV  
  72  8:47  Orbital Command, Barracks, Engineering Bay  
  72  8:49  Engineering Bay  
  73  8:51  Refinery  
  73  8:59  Siege Tank  
  76  9:04  SCV x2  
  78  9:10  Viking x2  
  78  9:14  Marine  
  83  9:33  SCV  
  83  9:35  SCV x2  
  86  9:41  Marine x4  
  86  9:42  Marine  
  87  9:52  SCV  
  87  9:59  Barracks Reactor  
  78  10:00  Terran Infantry Weapons Level 1, Terran Infantry Armor Level 1  
  78  10:05  Barracks Reactor  
  78  10:06  Marine x4  
  78  10:07  Marauder  
  78  10:09  Supply Depot  
  80  10:19  Unknown x2  
  79  10:30  Orbital Command  
  79  10:31  Supply Depot  
  79  10:36  Marauder  
  79  10:37  Marine x4  
  85  10:42  Armory  
  85  10:52  Marine, Supply Depot  
  85  10:53  Marine  
  85  10:55  Supply Depot  
  85  10:58  Marine x2  
  89  11:00  Siege Tank  
  89  11:02  Viking x2, Marine x4  
  89  11:06  Marine  
  89  11:08  SCV  
  89  11:09  SCV  
  103  11:10  SCV  
  103  11:19  Siege Tank  
  97  11:28  SCV  
  98  11:41  Unknown  
  98  11:42  Marine x3  
  98  11:43  Marine x4  
  98  11:44  Medivac x2  
  98  11:45  Marine  
  72  11:50  SCV x2  
  110  11:51  Terran Vehicle Weapons Level 1  
  110  11:54  Siege Tank  
  110  11:57  Marine  
  116  12:07  Marine  
  116  12:08  SCV x2  
  119  12:15  Marine  
  119  12:16  Marine x5  
  119  12:17  Marine  
  126  12:23  SCV  
  126  12:29  Marine  
  128  12:31  Viking x2  
  128  12:32  Marine  
  128  12:37  Supply Depot  
  128  12:39  Supply Depot  
  133  12:46  Terran Infantry Weapons Level 2  
  133  12:47  Siege Tank  
  136  12:59  Terran Infantry Armor Level 2  
  136  13:04  Command Center  
  136  13:06  Marine  
  136  13:07  Marauder, Marine  
  141  13:17  Refinery  
  141  13:20  Refinery  
  141  13:23  Factory  
  141  13:29  Marine x4  
  145  13:31  Marine  
  145  13:34  SCV  
  145  13:36  Marine  
  147  13:49  Barracks  
  147  13:51  Marine x2  
  147  13:52  Barracks  
  147  13:55  Barracks  
  147  13:57  SCV  
  147  13:58  Supply Depot  
  150  14:01  Supply Depot  
  150  14:02  Supply Depot  
  150  14:08  SCV  
  151  14:11  Siege Tank x2  
  151  14:20  Marine x5  
  151  14:21  Marine x3  
  151  14:25  SCV  
  151  14:35  Barracks Reactor  
  151  14:37  Supply Depot  
  147  14:40  Supply Depot  
  147  14:41  Supply Depot  
  147  14:47  Orbital Command  
  147  15:07  Marine x3  
  147  15:08  Marine x5  
  155  15:10  Barracks Reactor  
  155  15:11  Barracks Reactor  
  155  15:12  Barracks Reactor  
  155  15:17  Terran Vehicle Weapons Level 2  
  155  15:19  Medivac x2  
  159  15:21  Siege Tank x2  
  159  15:22  SCV  
  166  15:30  Orbital Command  
  166  15:32  Marine  
  166  15:36  Marine x4  
  166  15:37  Marine x4  
  166  15:38  Marine  
  176  15:45  Siege Tank  
  176  15:46  Siege Tank, Command Center  
  176  15:59  Marine  
  177  16:01  Marine x3  
  180  16:15  Siege Tank x2  
  157  16:32  Marine x2  
  157  16:33  Marine x3  
  157  16:34  Siege Tank x2  
  168  16:40  SCV  
  168  16:48  Siege Tank  
  169  17:02  Marine x3  
  169  17:03  Marine x4  
  169  17:04  Marine x4  
  169  17:06  Viking x2  
  184  17:10  SCV  
  178  17:37  Marine x10  
  178  17:38  Marine x6  
  194  17:46  Siege Tank x2  
  200  17:51  Supply Depot  
  200  17:56  Orbital Command  
  200  18:01  Marine  
  200  18:02  Marine  
  200  18:04  SCV  
  200  18:05  SCV x2  
  200  18:08  Command Center  
  198  18:10  Marine x4  
  198  18:12  Marine  
  192  18:35  Command Center  
  188  18:40  Refinery x2  
  188  18:41  Marine x4  
  188  18:42  Command Center  
  192  18:54  Marine x4  
  192  18:55  Marine x3  
Tags
 
Add a new tag
Caveats
  • Supply blocks, unpowered buildings, or Contaminate may cause inaccurate times.
  • Supply counts are checked every 10 seconds.